 Dungeon Crawl Stone Soup version 0.32-a0-938-g40ac7a0f4d (webtiles) character file.

Game seed: 4492017771326920148

54 LadyBoffin the Conjurer (level 3, 0/22 HPs)
             Began as a Tengu Reaver on Apr 15, 2024.
             Slain by a ball python (1 damage)
             ... on level 3 of the Dungeon.
             The game lasted 00:10:27 (2659 turns).

LadyBoffin the Conjurer (Tengu Reaver)              Turns: 2659, Time: 00:10:28

Health: 0/22       AC:  7    Str: 16    XL:     3   Next: 91%
Magic:  7/7        EV:  1    Int: 12    God:
Gold:   165        SH:  0    Dex: 13    Spells: 5/6 levels left

rFire   + . .        a - +0 falchion (freeze)
rCold   . . .        (no shield)
rNeg    . . .        g - +3 leather armour {rF+}
rPois   .            (helmet restricted)
rElec   .            (no cloak)
rCorr   .            d - +0 pair of gloves
SInv    .            (boots unavailable)
Will    +....        (no amulet)
Stlth   +            (no ring)
HPRegen 0.23/turn    (no ring)
MPRegen 0.10/turn

%: acrobat
@: on fire, enlightened, flying, glowing, constricted
A: beak, talons 3, acrobatic, strong 1
a: no special abilities


You were on level 3 of the Dungeon.
You visited 1 branch of the dungeon, and saw 3 of its levels.

You collected 165 gold pieces.

Inventory:

Hand Weapons
 a - a +0 falchion of freezing (weapon)
Armour
 b - a +0 leather armour
 d - a +0 pair of gloves (worn)
 g - a +3 leather armour of fire resistance (worn)
 j - a +0 cloak
Magical Staves
 i - a staff of conjuration
Scrolls
 h - a scroll of acquirement
 n - a scroll of silence {unknown}
 o - a scroll of teleportation {unknown}
Potions
 k - a potion of mutation


   Skills:
 + Level 2.5 Fighting
 + Level 3.7 Long Blades
 + Level 2.7 Dodging
 + Level 2.4 Spellcasting
 + Level 4.5 Conjurations


You had 5 spell levels left.
You knew the following spells:

 Your Spells              Type           Power      Damage    Failure   Level
a - Kiss of Death         Conj/Necr      24%        2d7       13%         1

Your spell library contained the following spells:

 Spells                   Type           Power      Damage    Failure   Level
 Momentum Strike          Conj/Tloc      12%        3d8       19%         2
 Dazzling Flash           Conj/Hex       12%        N/A       36%         3
 Hailstorm                Conj/Ice       6%         3d5       36%         3
 Mephitic Cloud           Conj/Alch/Air  5%         N/A       45%         3
 Leda's Liquefaction      Alch/Erth      0%         N/A       97%         4
 Petrify                  Alch/Erth      1%         N/A       97%         4
 Curse of Agony           Necr           1%         N/A       100%        5
 Metabolic Englaciation   Hex/Ice        0%         N/A       100%        5
 Silence                  Hex/Air        0%         N/A       100%        5


Dungeon Overview and Level Annotations

Branches:
Dungeon (3/15)

Altars:

Shops:
D:2 :


Innate Abilities, Weirdness & Mutations

You have a beak for a mouth.
You have claws for feet.
You can magically evade attacks while moving or waiting.
Your muscles are strong. (Str +4, Int/Dex -1)


Message History

The liquid fire burns you!
The bombardier beetle completely misses you.
You hit the bombardier beetle. Your kick misses the bombardier beetle.
The bombardier beetle is lightly wounded.
The liquid fire burns you!
The ball python bites you but does no damage.
The ball python grabs you. The ball python constricts you.
You hit the bombardier beetle.
You claw the bombardier beetle, but do no damage.
The bombardier beetle is moderately wounded.
The liquid fire burns you!
The ball python bites you but does no damage.
The ball python constricts you. The bombardier beetle bites you.
The ball python bites you but does no damage.
The ball python constricts you.
It was a potion of enlightenment.
You feel very buoyant.
You fly up into the air.
The liquid fire burns you!
* * * LOW HITPOINT WARNING * * *
The ball python bites you.
* * * LOW HITPOINT WARNING * * *
The ball python constricts you.
* * * LOW HITPOINT WARNING * * *
The bombardier beetle bites you but does no damage.
As you read the scroll labelled SUIRHOX RUFUPE, it crumbles to dust.
It is a scroll of brand weapon.
Your +0 falchion is covered with a thin layer of ice!
a - a +0 falchion of freezing (weapon)
The liquid fire burns you!
* * * LOW HITPOINT WARNING * * *
The ball python bites you but does no damage.
The ball python constricts you.
As you read the scroll labelled METREO TEADAR, it crumbles to dust.
It is a scroll of amnesia.
Okay, then.
The liquid fire burns you!
* * * LOW HITPOINT WARNING * * *
The ball python bites you.
You die...

#...............
#....................
#.[..................
#.................?..
#....................
#..........ß.....ß...
########.#...........
#.#...>.......
#..†.B@S.....#
###.........##
#.........#
#)ß.....ß.#
#.........#
.............
##############


You could see a bombardier beetle and a ball python.

Vanquished Creatures
  An adder (D:2)
  2 dart slugs
  5 ball pythons
  6 bats
  4 endoplasms
  2 giant cockroaches
  A goblin (D:3)
  7 hobgoblins
  2 quokkas
  4 frilled lizards
  3 rats
37 creatures vanquished.

Notes
Turn   | Place    | Note
-------+----------+-------------------------------------------
     0 | D:1      | LadyBoffin the Tengu Reaver began the quest for the Orb.
     0 | D:1      | Reached XP level 1. HP: 12/12 MP: 4/4
   231 | D:1      | Reached XP level 2. HP: 17/17 MP: 6/6
  1223 | D:2      | Reached XP level 3. HP: 21/21 MP: 7/7
  1813 | D:2      | Found Xikhly's Book Boutique.
  2646 | D:3      | Identified a scroll of acquirement
  2651 | D:3      | Gained mutation: Your muscles are strong. (Str +4, Int/Dex
                  | -1) [potion of mutation]
  2659 | D:3      | HP: 1/22 [burnt (1)]
  2659 | D:3      | Slain by a ball python

Illustrated notes

Levels and vault maps discovered:
D:1:      eino_arrival_water_star, layout_basic, serial_bayou_lagoon_a
D:2:      layout_loops_ring, serial_shops, nicolae_book_shop_shelving,
          minmay_tetromino_l2
D:3:      layout_basic, st_stairs_1

Action                     || total
---------------------------++-------
  Melee: Falchion          ||    92
         Kick              ||    23
         Peck              ||    18
   Cast: Kiss of Death     ||     1
    Use: Scroll            ||     4
         Potion            ||     3
 Armour: Leather armour    ||    80
  Dodge: Dodged            ||    65

Table legend: (Time is in decaauts)
 A = Elapsed time spent in this place.
 B = Non-inter-level travel time spent in this place.
 C = Inter-level travel time spent in this place.
 D = Time resting spent in this place.
 E = Time spent auto-exploring this place.
 F = Levels seen in this place.
 G = Mean time per level.
                   A        B        C        D        E       F      G
               +--------+--------+--------+--------+--------+-----+--------+
         Total |   2693 |   2579 |    114 |    663 |    997 |   3 |  897.7 |
       Dungeon |   2693 |   2579 |    114 |    663 |    997 |   3 |  897.7 |
               +--------+--------+--------+--------+--------+-----+--------+

Top non-repeatable levels by time:
     D:2: 1373 daAuts
     D:1: 1246 daAuts
     D:3: 73 daAuts
